 Dungeon Crawl Stone Soup version 0.28.0-53-g5a82cb258f (webtiles) character file.

Game seed: 14191924913403049512

798 SanguineChosen the Covered (level 7, -5/44 HPs)
             Began as a Gargoyle Fighter on July 5, 2022.
             Slain by a wyvern (14 damage)
             ... on level 4 of the Dungeon.
             The game lasted 00:24:45 (6148 turns).

SanguineChosen the Covered (Gargoyle Fighter)       Turns: 6148, Time: 00:24:47

Health: -5/44      AC: 13    Str: 27    XL:     7   Next: 89%
Magic:  7/7        EV: 14    Int:  9    God:
Gold:   328        SH:  4    Dex:  9    Spells: 6/6 levels left

rFire   . . .      SeeInvis .   v - +4 dagger
rCold   . . .      Faith    .   c - +0 buckler
rNeg    + . .      Spirit   .   b - +0 scale mail
rPois   ∞          Reflect  .   (no helmet)
rElec   +          Harm     .   (no cloak)
rCorr   .          Rampage  .   (no gloves)
Will    .....                   u - +0 pair of boots
Stlth   ..........              (no amulet)
HPRegen 0.14/turn               o - +6 ring of strength
MPRegen 0.10/turn               y - +4 ring of evasion

@: about to teleport
A: sickness immunity, AC +4, negative energy resistance 1, electricity
resistance, torment resistance 1, petrification resistance
a: no special abilities


You were on level 4 of the Dungeon.
You visited 1 branch of the dungeon, and saw 5 of its levels.

You collected 328 gold pieces.

Inventory:

Hand Weapons
 a - a +0 flail
 v - a +4 dagger (weapon)
Missiles
 q - 13 poisoned darts (quivered)
Armour
 b - a +0 scale mail (worn)
 c - a +0 buckler (worn)
 u - a +0 pair of boots (worn)
Jewellery
 o - a +6 ring of strength (left hand)
 y - a +4 ring of evasion (right hand)
Wands
 p - a wand of acid (10)
 r - a wand of iceblast (21)
Scrolls
 d - a scroll of summoning {unknown}
 g - a scroll of noise {unknown}
 h - a scroll of blinking
 j - a scroll of enchant armour {unknown}
 l - 2 scrolls of immolation {unknown}
 m - a scroll of fog {unknown}
 n - a scroll of brand weapon {unknown}
 s - a scroll of enchant weapon {unknown}
 t - a scroll of teleportation
 x - a scroll of fear {unknown}
Potions
 e - a potion of degeneration {unknown}
 f - a potion of heal wounds {unknown}
 k - a potion of resistance {unknown}


   Skills:
 + Level 4.7 Fighting
 + Level 1.3 Short Blades
 + Level 5.0 Maces & Flails
 + Level 1.6 Throwing
 + Level 5.4 Armour
 + Level 1.5 Dodging
 + Level 0.3 Stealth
 + Level 4.8 Shields
 + Level 0.2 Evocations


You had 6 spell levels left.
You didn't know any spells.
Your spell library contained the following spells:

 Spells                   Type           Power      Damage    Failure   Level
 Ensorcelled Hibernation  Hex/Ice        0%         N/A       86%         2
 Passwall                 Tmut/Erth      0%         N/A       86%         2
 Swiftness                Air            0%         N/A       98%         3


Dungeon Overview and Level Annotations

Branches:
Dungeon (5/15)             Temple (0/1) D:4

Altars:
Cheibriados
Dithmenos
Hepliaklqana
Kikubaaqudgha

Shops:
D:1 =


Innate Abilities, Weirdness & Mutations

You are immune to sickness and miasma.
Your stone body is resilient. (AC +4)
You are immune to poison.
You resist negative energy. (rN+)
You are resistant to electric shocks. (rElec)
You are resistant to unholy torment.
You are immune to petrification.


Message History

Throw: 16 darts (poison)
Press: ? - help, Q - select action, (/) - cycle Shift-Dir - straight line, f/p - wyvern
Aim: a wyvern (lightly wounded, very poisoned, 56% to hit)
You throw a poisoned dart.
The poisoned dart barely misses the wyvern.
The wyvern completely misses you.
Throw: 15 darts (poison)
Press: ? - help, Q - select action, (/) - cycle Shift-Dir - straight line, f/p - wyvern
Aim: a wyvern (lightly wounded, very poisoned, 56% to hit)
You throw a poisoned dart. The poisoned dart hits the wyvern.
The wyvern is lightly wounded.
The wyvern misses you. The wyvern bites you!
Throw: 14 darts (poison)
Press: ? - help, Q - select action, (/) - cycle Shift-Dir - straight line, f/p - wyvern
Aim: a wyvern (lightly wounded, very poisoned, 56% to hit)
You throw a poisoned dart. The poisoned dart hits the wyvern.
The wyvern is lightly wounded.
You block the wyvern's attack.
You hit the wyvern but do no damage.
The wyvern is lightly wounded.
The wyvern misses you.
The wyvern hisses menacingly.
You block the wyvern's attack.
You completely miss the wyvern.
The wyvern is lightly wounded.
The wyvern misses you.
You hit the wyvern but do no damage.
The wyvern is lightly wounded.
The wyvern bites you!
* * * LOW HITPOINT WARNING * * *
The wyvern closely misses you.
Aiming: Iceblast
Press: ? - help, Q - select action, (/) - cycle Shift-Dir - straight line, p - wyvern
Okay, then.
As you read the scroll of teleportation, it crumbles to dust.
You feel strangely unstable. The wyvern misses you.
You hit the wyvern.
The wyvern is heavily wounded.
The wyvern bites you!
You die...

...#.#...#.####..#####.#
##### ##
...#.###...####.(#
#.#####
..##...###...##..#
#.....###
..#........#.##..#
#####....#
.##..>..##.......#
#...'....#
........#.....##.#
#.###....#
.###...##...####.# #.#
#....# ...###.#...##
#l####.# #....#
##...#.#...#
#@...#.###....#
.##.......##
####.#........#
.##.#.#.### #.##.#.....#
.##.#...# #....#..<..#
.##.##### #....#.#####
....# #.####.# #####
#......# #.###### #.#


You could see a wyvern (poisoned).

Vanquished Creatures
  A water moccasin (D:5)
  An ice beast (D:3)
  An ogre (D:5)
  A kobold brigand (D:4)
  A scorpion (D:4)
  A wyvern skeleton (D:5)
  A jelly (D:4)
  A centaur skeleton (D:5)
  2 iguanas
  4 gnolls
  2 adders
  2 shadow imps
  An adder skeleton (D:4)
  3 worms
  4 dart slugs
  12 orcs
  4 bat skeletons (D:4)
  2 bat zombies (D:4)
  8 endoplasms
  5 giant cockroaches
  7 hobgoblins
  2 jackals (D:2)
  25 kobolds
  3 quokkas (D:1)
  8 ball pythons
  5 bats
  A frilled lizard (D:1)
  8 goblins
  7 rats
123 creatures vanquished.

Vanquished Creatures (others)
  A kobold (D:3)
  A fungus (D:1)
  75 plants
77 creatures vanquished.

Grand Total: 200 creatures vanquished

Notes
Turn   | Place    | Note
-------+----------+-------------------------------------------
     0 | D:1      | SanguineChosen the Gargoyle Fighter began the quest for the
                  | Orb.
     0 | D:1      | Reached XP level 1. HP: 14/14 MP: 1/1
   203 | D:1      | Found a faded altar of an unknown god.
   381 | D:1      | Reached XP level 2. HP: 19/19 MP: 2/2
   661 | D:1      | Reached XP level 3. HP: 23/23 MP: 3/3
   756 | D:1      | Found Dinuyxir's Jewellery Shoppe.
  1498 | D:2      | Reached XP level 4. HP: 27/29 MP: 4/4
  2335 | D:3      | Reached XP level 5. HP: 32/33 MP: 5/5
  2981 | D:3      | Noticed an ice beast
  2998 | D:3      | Killed an ice beast
  2999 | D:3      | Reached XP level 6. HP: 30/38 MP: 6/6
  3259 | D:4      | Found a staircase to the Ecumenical Temple.
  3843 | D:4      | Found an ancient bone altar of Kikubaaqudgha.
  4067 | D:4      | Reached skill level 5 in Maces & Flails
  4067 | D:4      | Reached XP level 7. HP: 40/44 MP: 7/7
  4530 | D:4      | Reached skill level 1 in Throwing
  4634 | D:4      | Noticed a shadow
  4635 | D:4      | Found a shadowy altar of Dithmenos.
  4644 | D:4      | Found a hazy altar of Hepliaklqana.
  4804 | D:5      | Entered Level 5 of the Dungeon
  4819 | D:5      | Reached skill level 1 in Dodging
  4867 | D:5      | Reached skill level 5 in Armour
  5630 | D:5      | Found a snail-covered altar of Cheibriados.
  5770 | D:5      | Reached skill level 1 in Short Blades
  6120 | D:5      | Noticed a troll
  6120 | D:5      | Noticed a wyvern
  6148 | D:4      | Slain by a wyvern

Illustrated notes

Levels and vault maps discovered:
D:1:      evilmike_arrival_crescent, layout_loops_ring, serial_shops,
          nicolae_shop_statue_plus,
          dreamdust_ecumenical_altar_hidden_monk_grotto
D:2:      layout_loops_ring, minmay_pentomino_x4
D:3:      layout_rooms, minmay_randomly_rotated_circles
D:4:      kennysheep_kobold_camp, layout_basic,
          riverfiend_overflow_shadow_ancestor, kennysheep_vampire_church,
          minmay_temple_entry_slanted
D:5:      kennysheep_big_flooded_room, layout_basic, cheibriados_altar_1,
          led_sif_pool

Skill      XL: |  1  2  3  4  5  6  7 |
---------------+----------------------+-----
Armour         | 4 5 |  5.4
Maces & Flails | 3 4 5 |  5.0
Fighting       | 4 |  4.7
Shields        | 4 |  4.8
Throwing       | 1 |  1.6
Dodging        | 1 |  1.5
Short Blades   | 1 |  1.3
Stealth        | |  0.3
Evocations     | |  0.2

Action                   |  1- 3 |  4- 6 |  7- 9 || total
-------------------------+-------+-------+-------++-------
Melee: Flail             |   107 |   165 |       ||   272
       Dagger            |       |    36 |    79 ||   115
Throw: Dart              |       |     7 |    20 ||    27
Evoke: Wand              |       |     1 |     3 ||     4
  Use: Potion            |       |     1 |     4 ||     5
       Scroll            |       |     1 |     2 ||     3
Armor: Scale mail        |    68 |    97 |    31 ||   196
Dodge: Dodged            |    47 |    86 |    51 ||   184
Block: Buckler           |    21 |    54 |    16 ||    91
